 Dungeon Crawl Stone Soup version 0.30-a0-1053-gbd8d5ba0ad (webtiles) character file.

Game seed: 14787209916885799310

4117 holysushi the Nimble (level 10, -1/77 HPs)
             Began as a White Draconian Conjurer on Apr 11, 2023.
             Was an Elder of Vehumet.
             Slain by a vampire mosquito (3 damage)
             ... on level 9 of the Dungeon.
             The game lasted 00:14:24 (8984 turns).

holysushi the Nimble (White Draconian Conjurer)     Turns: 8984, Time: 00:14:25

Health: -1/77      AC:  7    Str:  9    XL:     10   Next: 6%
Magic:  23/38      EV: 14    Int: 23    God:    Vehumet [****..]
Gold:   561        SH:  0    Dex: 10    Spells: 9/23 levels left

rFire   . . .      SeeInvis .    b - staff of conjuration
rCold   + . .      Faith    .    (no shield)
rNeg    . . .      Spirit   .    (body armour unavailable)
rPois   .          Reflect  .    (helmet restricted)
rElec   .          Rampage  .    (no cloak)
rCorr   .                        (no gloves)
Will    .....                    (no boots)
Stlth   ++                       A - amulet of regeneration
HPRegen 1.12/turn                e - ring of magical power
MPRegen 0.26/turn                v - ring of magical power

@: no status effects
A: breathe frost, AC +7, unfitting armour, cold resistance 1, cold-blooded
a: Breathe Frost, Renounce Religion


You were on level 9 of the Dungeon.
You worshipped Vehumet.
Vehumet was greatly pleased with you.
You visited 1 branch of the dungeon, and saw 9 of its levels.

You collected 561 gold pieces.

Inventory:

Hand Weapons
 d - a +0 short sword
 p - a +4 halberd
 r - a +4 dagger
Missiles
 n - 2 throwing nets
Armour
 F - a +0 kite shield
Magical Staves
 b - a staff of conjuration (weapon)
Jewellery
 e - a ring of magical power (left hand)
 k - a ring of protection from cold
 t - an amulet of the acrobat
 v - a ring of magical power (right hand)
 x - a ring of protection from cold
 A - an amulet of regeneration (around neck)
 B - a ring of poison resistance
 E - a ring of flight
Wands
 f - a wand of mindburst (13)
Scrolls
 g - 3 scrolls of teleportation
 j - 4 scrolls of magic mapping
 q - 6 scrolls of identify
 y - a scroll of fog {unknown}
 z - a scroll of noise {unknown}
 D - a scroll of enchant weapon {unknown}
Potions
 a - a potion of magic
 c - 4 potions of brilliance
 h - 2 potions of curing
 i - a potion of mutation
 l - a potion of heal wounds {unknown}
 m - 2 potions of flight
 o - a potion of cancellation
 s - a potion of degeneration {unknown}
 u - a potion of invisibility {unknown}
 w - a potion of attraction {unknown}
 C - a potion of ambrosia {unknown}


   Skills:
 - Level 3.0 Fighting
 + Level 8.6 Dodging
 - Level 1.7 Stealth
 + Level 7.0 Spellcasting
 + Level 7.9 Conjurations
 + Level 5.1 Ice Magic


You had 9 spell levels left.
You knew the following spells:

 Your Spells              Type           Power      Damage    Failure   Level
a - Magic Dart            Conj           100%       1d8       1%          1
b - Searing Ray           Conj           100%       2d8       1%          2
c - Stone Arrow           Conj/Erth      78%        3d11      1%          3
d - Hailstorm             Conj/Ice       55%        3d12      1%          3
e - Fulminant Prism       Conj/Hex       19%        3d10      4%          4
f - Kiss of Death         Conj/Necr      100%       2d13      1%          1

Your spell library contained the following spells:

 Spells                   Type           Power      Damage    Failure   Level
 Conjure Ball Lightning   Conj/Air       19%        3x3d6     50%         6
 Dazzling Flash           Conj/Hex       78%        N/A       1%          3
 Iskenderun's Mystic Bla  Conj/Tloc      39%        2d9       4%          4
 Apportation              Tloc           16%        N/A       8%          1
 Lesser Beckoning         Tloc           16%        N/A       12%         2
 Gell's Gravitas          Tloc           8%         N/A       22%         3
 Teleport Other           Tloc           8%         N/A       22%         3
 Alistair's Intoxication  Tmut/Pois      5%         N/A       91%         5


Dungeon Overview and Level Annotations

Branches:
Dungeon (9/15) Zot: 26892  Temple (0/1) D:7
   Lair: D:8-11         Orc: D:9-12

Altars:
Hepliaklqana
Kikubaaqudgha
Makhleb
Sif Muna
Uskayaw
Vehumet
Wu Jian
Yredelemnul

Shops:
D:8 *

Annotations:
D:6 1 runed translucent door, Crazy Yiuf


Innate Abilities, Weirdness & Mutations

You can breathe waves of freezing cold which knock back foes.
Your icy white scales are hard. (AC +7)
You cannot fit into any form of body armour.
Your flesh is cold resistant. (rC+)
You are cold-blooded and may be slowed by cold attacks.


Message History

You feel a surge of power!
A cannonade of hail descends around you!
The hail pelts the eight-headed hydra.
The eight-headed hydra is severely wounded.
Casting: Hailstorm (safe; 1% risk of failure)
Confirm with . or Enter, or press ? or * to list all spells.
Aiming: Stone Arrow (safe; 1% risk of failure)
Press: ? - help, Shift-Dir - straight line, f - eight-headed hydra
Aim: an eight-headed hydra (severely wounded, 91% to hit)
You feel a surge of power!
The stone arrow hits the eight-headed hydra!
The eight-headed hydra is almost dead.
The eight-headed hydra bites you!
The eight-headed hydra closely misses you.
The eight-headed hydra bites you but does no damage.
The eight-headed hydra misses you. The eight-headed hydra bites you.
The eight-headed hydra misses you. The eight-headed hydra bites you.
The eight-headed hydra bites you!
Casting: Stone Arrow (safe; 1% risk of failure)
Confirm with . or Enter, or press ? or * to list all spells.
Aiming: Stone Arrow (safe; 1% risk of failure)
Press: ? - help, Shift-Dir - straight line, f/p - eight-headed hydra
Aim: an eight-headed hydra (almost dead, 91% to hit)
You feel a surge of power!
The stone arrow hits the eight-headed hydra!
The eight-headed hydra is almost dead.
The vampire mosquito bites you!
The vampire mosquito draws strength from your injuries!
The eight-headed hydra bites you. The eight-headed hydra bites you! x2
* * * LOW HITPOINT WARNING * * *
The eight-headed hydra bites you but does no damage.
The eight-headed hydra bites you.
* * * LOW HITPOINT WARNING * * *
The eight-headed hydra closely misses you.
The eight-headed hydra bites you.
* * * LOW HITPOINT WARNING * * *
The eight-headed hydra bites you!
* * * LOW HITPOINT WARNING * * *
The vampire mosquito bites you.
You die...

#........#>.... #.
#........#..### #.
#........#### #.)
#............ ...
#.............
####.#####..<..........
.....Y.................
......D........########
......y@.......#
...............#
....###+###....# ###
#....# #....# ....# ..#


You could see an eight-headed hydra, a yak and a vampire mosquito.

Vanquished Creatures
  Grinder (D:6)
  2 shadows
  A wyvern (D:7)
  A steam dragon (D:8)
  3 water moccasins
  3 orc warriors
  3 black bears
  A centaur (D:5)
  A phantom (D:3)
  2 kobold brigands (D:7)
  3 bullfrogs
  A scorpion (D:5)
  A necrophage (D:5)
  8 wights
  5 killer bees (D:7)
  3 howler monkeys
  A gnoll bouda (D:8)
  6 orc priests
  5 hounds
  2 sleepcaps
  Ijyb (D:5)
  A scorpion zombie (D:4)
  4 iguanas
  6 orc wizards
  A hound skeleton (D:5)
  Robin (D:3)
  13 gnolls
  7 adders
  3 shadow imps
  An adder zombie (D:4)
  A worm (D:2)
  2 dart slugs
  24 orcs
  11 ball pythons
  9 endoplasms
  A giant cockroach (D:2)
  6 hobgoblins
  19 jackals
  18 kobolds
  6 quokkas
  2 bats (D:1)
  A frilled lizard (D:1)
  19 goblins
  6 rats
216 creatures vanquished.

Vanquished Creatures (others)
  19 plants (D:3)
19 creatures vanquished.

Grand Total: 235 creatures vanquished

Notes
Turn   | Place    | Note
-------+----------+-------------------------------------------
     0 | D:1      | holysushi the Draconian Conjurer began the quest for the
                  | Orb.
     0 | D:1      | Reached XP level 1. HP: 14/14 MP: 3/3
   258 | D:1      | Reached XP level 2. HP: 20/20 MP: 5/5
   563 | D:1      | Found a faded altar of an unknown god.
   566 | D:1      | Prayed at the altar of an unknown god.
   566 | D:1      | Became a worshipper of Vehumet
   566 | D:1      | Reached * piety under Vehumet
   566 | D:1      | Offered knowledge of Kiss of Death by Vehumet.
   656 | D:1      | Reached XP level 3. HP: 26/26 MP: 7/7
  1367 | D:2      | Reached skill level 2 in Dodging
  1603 | D:2      | Learned a level 1 spell: Kiss of Death
  1606 | D:2      | Learned a level 2 spell: Searing Ray
  2168 | D:2      | Reached ** piety under Vehumet
  2169 | D:2      | Reached XP level 4. HP: 33/33 MP: 9/9
  2311 | D:3      | Noticed a phantom
  2313 | D:3      | Offered knowledge of Freeze by Vehumet.
  2326 | D:3      | Killed a phantom
  2327 | D:3      | Reached skill level 3 in Dodging
  2327 | D:3      | Reached XP level 5. HP: 27/38 MP: 5/10
  2367 | D:2      | Reached skill level 5 in Conjurations
  2803 | D:3      | Noticed Robin
  2807 | D:3      | Killed Robin
  2987 | D:3      | Offered knowledge of Frozen Ramparts by Vehumet.
  3128 | D:3      | Reached *** piety under Vehumet
  3207 | D:3      | Reached XP level 6. HP: 45/45 MP: 11/11
  3340 | D:3      | Reached skill level 4 in Dodging
  3506 | D:4      | Found an ornate altar of the Wu Jian Council.
  3758 | D:4      | Offered knowledge of Stone Arrow by Vehumet.
  3912 | D:4      | Your scales start taking on an icy white colour.
  3912 | D:4      | Reached XP level 7. HP: 49/50 MP: 12/12
  3912 | D:4      | Gained mutation: Your flesh is cold resistant. (rC+) [White
                  | Draconian growth]
  4018 | D:4      | Learned a level 3 spell: Stone Arrow
  4096 | D:4      | Found a basalt altar of Yredelemnul.
  4215 | D:4      | Identified a scroll of acquirement
  4215 | D:4      | Acquired a staff of conjuration
  4302 | D:5      | Entered Level 5 of the Dungeon
  4392 | D:5      | Noticed a +0 spear
  4414 | D:5      | Reached skill level 5 in Dodging
  4498 | D:5      | Noticed Ijyb
  4501 | D:5      | Killed Ijyb
  4502 | D:5      | Reached skill level 1 in Fighting
  4632 | D:5      | Reached **** piety under Vehumet
  4696 | D:5      | Learned a level 4 spell: Fulminant Prism
  4706 | D:5      | Reached XP level 8. HP: 44/62 MP: 10/13
  4913 | D:5      | Noticed a +0 dagger
  4914 | D:5      | Noticed a +0 short sword
  4914 | D:5      | Noticed a +0 falchion
  4915 | D:5      | Noticed a +0 dagger
  4915 | D:5      | Noticed a +0 spear
  4915 | D:5      | Noticed a +0 short sword
  4916 | D:5      | Noticed a +0 falchion
  4918 | D:5      | Found a hide-covered altar of Uskayaw.
  4946 | D:5      | Found a burning altar of Makhleb.
  5218 | D:6      | Found a hazy altar of Hepliaklqana.
  5222 | D:6      | Offered knowledge of Hailstorm by Vehumet.
  5276 | D:6      | Reached skill level 6 in Dodging
  5402 | D:6      | Noticed Grinder
  5407 | D:6      | Killed Grinder
  5997 | D:6      | Found a shimmering blue altar of Sif Muna.
  6018 | D:6      | Reached skill level 7 in Dodging
  6018 | D:6      | Reached skill level 5 in Spellcasting
  6387 | D:6      | Found a runed translucent door.
  6388 | D:6      | Noticed Crazy Yiuf
  6467 | D:6      | Reached XP level 9. HP: 69/69 MP: 16/16
  6669 | D:7      | Learned a level 3 spell: Hailstorm
  6766 | D:7      | Reached skill level 1 in Ice Magic
  7268 | D:7      | Found an ancient bone altar of Kikubaaqudgha.
  7288 | D:7      | Reached skill level 8 in Dodging
  7459 | D:7      | Reached ***** piety under Vehumet
  7567 | D:7      | Offered knowledge of Conjure Ball Lightning by Vehumet.
  7660 | D:7      | Found a staircase to the Ecumenical Temple.
  8013 | D:8      | Found Ziqeecwo's Island Escapes.
  8265 | D:8      | Reached skill level 5 in Ice Magic
  8759 | D:8      | Reached XP level 10. HP: 74/77 MP: 20/20
  8979 | D:9      | Noticed an eight-headed hydra
  8984 | D:9      | HP: 2/77 [eight-headed hydra (9)]
  8984 | D:9      | Slain by a vampire mosquito

Illustrated notes

Levels and vault maps discovered:
D:1:      lightli_arrival_chessboard, layout_basic,
          hellmonk_ecumenical_altar_heavens_door, minmay_misc_feat_ornament,
          minmay_hexomino_p4
D:2:      layout_basic
D:3:      layout_basic, nicolae_grassy_gnolls, uniq_robin
D:4:      layout_basic, pdpol_wu_jian_five_deadly_venoms,
          lemuel_zombie_altar_yredelemnul, chequers_serial_rivers_marsh,
          hex_large, saegor_snake_ambush
D:5:      layout_cave_pools, makhleb_blood_cavern_becter,
          nicolae_uskayaw_en_pointe, uniq_ijyb
D:6:      layout_loops_cross, mainiacjoe_overflow_six_doors_small,
          mainiacjoe_overflow_24_doors, serial_co_window_serial,
          co_window_corner_a, co_window_of_opportunity_a, co_window_corner_a,
          co_window_corner_a, co_window_paths_a, co_window_paths_a,
          co_window_paths_a, co_window_corner_a, co_window_corner_a,
          co_window_cross_3, co_window_broadway_c, co_window_paths_c,
          glass_columns_c, uniq_crazy_yiuf_cottage, uniq_grinder
D:7:      layout_gridville, kennysheep_mini_moat, minmay_temple_entry_overgrown
D:8:      layout_basic, nicolae_island_escapes
D:9:      minmay_the_grid_3x2 [minmay_the_grid_spikes,
          minmay_the_grid_outer_circle, minmay_the_grid_dragon_a,
          minmay_the_grid_minigrid_large, minmay_the_grid_large_cup,
          minmay_the_grid_prize_shrinking_boxes], layout_irregular_city,
          mainiacjoe_overflow_brackets, serial_undead, serial_undead_d,
          serial_undead_e, serial_undead_d, serial_undead_b

Skill      XL: |  1  2  3  4  5  6  7  8  9 10 |
---------------+-------------------------------+-----
Spellcasting   | 3 5 6 7 |  7.0
Dodging        | 2 3 4 5 7 8 |  8.6
Conjurations   | 5 6 7 |  7.9
Fighting       | 2 3 |  3.0
Ice Magic      | 5 |  5.1
Stealth        | |  1.7

Action                     |  1- 3 |  4- 6 |  7- 9 | 10-12 || total
---------------------------+-------+-------+-------+-------++-------
  Melee: Unarmed           |     3 |       |       |       ||     3
         Tailslap          |     1 |       |     2 |       ||     3
         Short sword       |     8 |       |       |       ||     8
         Dagger            |       |       |     3 |       ||     3
         Staff             |       |       |    15 |       ||    15
   Cast: Magic Dart        |    98 |    75 |     2 |       ||   175
         Searing Ray       |     3 |    33 |     2 |       ||    38
         Stone Arrow       |       |       |   152 |     7 ||   159
         Hailstorm         |       |       |    15 |     2 ||    17
Ability: Breathe Frost     |       |       |     2 |       ||     2
    Use: Scroll            |       |       |    13 |       ||    13
         Potion            |       |       |     1 |       ||     1
 Armour: Skin              |    16 |    17 |    19 |     2 ||    54
  Dodge: Dodged            |    25 |    32 |    66 |     4 ||   127

Table legend: (Time is in decaauts)
 A = Elapsed time spent in this place.
 B = Non-inter-level travel time spent in this place.
 C = Inter-level travel time spent in this place.
 D = Time resting spent in this place.
 E = Time spent auto-exploring this place.
 F = Levels seen in this place.
 G = Mean time per level.
                   A        B        C        D        E       F      G
               +--------+--------+--------+--------+--------+-----+--------+
         Total |   9006 |   8856 |    150 |   1665 |   5799 |   9 | 1000.7 |
       Dungeon |   9006 |   8856 |    150 |   1665 |   5799 |   9 | 1000.7 |
               +--------+--------+--------+--------+--------+-----+--------+

Top non-repeatable levels by time:
     D:6: 1594 daAuts
     D:1: 1335 daAuts
     D:7: 1204 daAuts
     D:2: 1118 daAuts
     D:8: 1009 daAuts
     D:4: 945 daAuts
     D:3: 924 daAuts
     D:5: 767 daAuts
     D:9: 106 daAuts
